 Dungeon Crawl Stone Soup version 0.18-a0-1211-g828307d (webtiles) character file.

821 ololoev the Conjurer (level 7, -5/36 HPs)
             Began as a Deep Elf Fire Elementalist on Feb 2, 2016.
             Slain by a scorpion (10 damage)
             ... on level 5 of the Dungeon.
             The game lasted 00:09:13 (1203 turns).

ololoev the Conjurer (Deep Elf Fire Elementalist)   Turns: 1203, Time: 00:09:14

Health: -5/36      AC:  2    Str:  5    XL:     7   Next: 63%
Magic:  1/18       EV: 13    Int: 22    God:
Gold:   157        SH:  0    Dex: 15    Spells: 5 memorised, 2 levels left

rFire  . . .     SeeInvis .     j - +3 dagger
rCold  + . .     Gourm    .     a - +0 robe
rNeg   . . .     Faith    .     (no shield)
rPois  .         Spirit   .     (no helmet)
rElec  .         Dismiss  .     (no cloak)
rCorr  .         Reflect  .     (no gloves)
SustAt .         Harm     .     (no boots)
MR     .....                    (no amulet)
Stlth  ++........               p - ring of protection from cold
                                i - ring of wizardry

@: lethally poisoned (-5 -> -9), not resistant to hostile enchantments,
unstealthy
A: no striking features
a: no special abilities

Inventory:

Hand Weapons
 j - a +3 dagger (weapon)
Armour
 a - a +0 robe (worn)
Jewellery
 i - a ring of wizardry (left hand)
 p - a ring of protection from cold (right hand)
Wands
 l - a wand of paralysis (14/24)
 q - a wand of paralysis (12/24)
Scrolls
 e - a scroll of recharging {unknown}
 f - a scroll of remove curse {unknown}
 k - a scroll of amnesia {unknown}
 s - 2 scrolls of random uselessness {unknown}
 t - a scroll of immolation {unknown}
Potions
 d - a potion of curing
 h - 2 potions of haste
 r - a potion of ambrosia
 u - a potion of brilliance {unknown}
Books
 b - a book of Flames

   Spells                             Type                      Level
   a - Flame Tongue                   Conjuration/Fire             1
   b - Throw Flame                    Conjuration/Fire             2
   c - Conjure Flame                  Conjuration/Fire             3
   d - Inner Flame                    Hexes/Fire                   3
   e - Sticky Flame                   Conjuration/Fire             4
   f - Fireball                       Conjuration/Fire             5
Comestibles
 c - 2 bread rations
 g - a beef jerky
 m - 2 chunks of flesh
 n - a royal jelly
 o - a slice of pizza


   Skills:
 - Level 2.4 Dodging
 - Level 2.4 Stealth
 + Level 6.3 Spellcasting
 * Level 6.6 Conjurations
 + Level 5.7 Fire Magic


You had 2 spell levels left.
You knew the following spells:

 Your Spells              Type           Power        Failure   Level  Hunger
a - Flame Tongue          Conj/Fire      ####.        1%          1    None
b - Conjure Flame         Conj/Fire      ####....     1%          3    #......
c - Sticky Flame          Conj/Fire      ####....     4%          4    ###....
d - Fireball              Conj/Fire      ####......   9%          5    #####..
e - Inner Flame           Hex/Fire       ###.....     4%          3    #......


You were on level 5 of the Dungeon.
You were not hungry.

You visited 1 branch of the dungeon, and saw 6 of its levels.

You collected 157 gold pieces.

.###.##.######
.............# #####.?..
#######.####.## #.........
...# ..# #..()..... ..####
#.# #......... ... #.#
#......... .$
########.###......... #.
...........#ยง...!.... .
...........@s...S...5......>
#
#########..#...$............
.# ##.#######..........
###.# #.#######..........
..#.# #......##..........
#.#.# ##.###.##..........
....# #.## #..........
....### ##..##.##....[.....
......# #...##.##.......^..

Notes
Turn   | Place    | Note
--------------------------------------------------------------
     0 | D:1      | ololoev the Deep Elf Fire Elementalist began the quest for the Orb.
     0 | D:1      | Reached XP level 1. HP: 10/10 MP: 6/6
    86 | D:1      | Reached XP level 2. HP: 9/15 MP: 1/8
   189 | D:4      | Noticed an ogre
   194 | D:4      | Killed an ogre
   194 | D:4      | Reached skill level 4 in Spellcasting
   194 | D:4      | Reached XP level 3. HP: 16/19 MP: 3/10
   194 | D:4      | Reached XP level 4. HP: 20/24 MP: 3/12
   205 | D:4      | Learned a level 3 spell: Conjure Flame
   210 | D:4      | Learned a level 4 spell: Sticky Flame
   214 | D:4      | Learned a level 3 spell: Inner Flame
   298 | D:4      | Found a white marble altar of Elyvilon.
   302 | D:4      | Found a blossoming altar of Fedhas.
   306 | D:4      | Found a glowing golden altar of the Shining One.
   339 | D:5      | Entered Level 5 of the Dungeon
   380 | D:4      | Noticed a phantom
   434 | D:4      | Killed a phantom
   434 | D:4      | Reached XP level 5. HP: 7/28 MP: 0/14
   571 | D:4      | Reached skill level 5 in Spellcasting
   571 | D:4      | Reached XP level 6. HP: 12/32 MP: 7/15
   576 | D:4      | Reached skill level 5 in Conjurations
   724 | D:4      | Reached skill level 5 in Fire Magic
   861 | D:5      | Reached XP level 7. HP: 20/36 MP: 12/17
   865 | D:5      | Reached skill level 6 in Conjurations
  1064 | D:5      | Learned a level 5 spell: Fireball
  1203 | D:5      | Slain by a scorpion

Dungeon Overview and Level Annotations

Branches:
Dungeon (6/15)
 Temple: D:4-7

Altars:
Elyvilon
Fedhas
The Shining One


Message History

The flame tongue misses the scorpion.
Casting: Flame Tongue
Confirm with . or Enter, or press ? or * to list all spells.
Aiming: Flame Tongue
Press: ? - help, Shift-Dir - straight line, f/p - scorpion
Aim: a scorpion The flame tongue hits the scorpion.
The scorpion is moderately wounded.
Casting: Flame Tongue
Confirm with . or Enter, or press ? or * to list all spells.
Aiming: Flame Tongue
Press: ? - help, Shift-Dir - straight line, f/p - scorpion
Aim: a scorpion (moderately wounded)
The flame tongue misses the scorpion.
Casting: Flame Tongue
Confirm with . or Enter, or press ? or * to list all spells.
Aiming: Flame Tongue
Press: ? - help, Shift-Dir - straight line, f/p - scorpion
Aim: a scorpion (moderately wounded)
The flame tongue hits the scorpion.
The scorpion is severely wounded.
The scorpion stings you.
Casting: Flame Tongue
Confirm with . or Enter, or press ? or * to list all spells.
Aiming: Flame Tongue
Press: ? - help, Shift-Dir - straight line, f/p - scorpion
Aim: a scorpion (severely wounded)
The flame tongue hits the scorpion.
The scorpion appears unharmed.
The scorpion is severely wounded.
The scorpion stings you.
You are poisoned.
The scorpion poisons you!
You hit the scorpion.
The scorpion is severely wounded.
You feel sick. The scorpion stings you!
An adder comes into view.
You hit the scorpion.
The scorpion is almost dead.
You feel sick. The scorpion stings you!
You die...

You could see a scorpion and an adder.

Vanquished Creatures
  2 phantoms
  3 ogres
  A centaur (D:5)
  A water moccasin zombie (D:5)
  2 hounds
  A giant frog skeleton (D:4)
  An iguana (D:4)
  3 worker ants
  A hound skeleton (D:4)
  2 adders (D:4)
  2 shadow imps (D:5)
  A giant gecko (D:3)
  5 orcs
  2 bats (D:1)
  A giant cockroach (D:1)
  2 goblins
  4 jackals (D:5)
  2 kobolds (D:1)
  3 quokkas (D:5)
  A giant gecko skeleton (D:5)
  2 giant newts
  A quokka skeleton (D:4)
  3 rats
46 creatures vanquished.

Action                   |  1- 3 |  4- 6 |  7- 9 || total
-------------------------+-------+-------+-------++-------
Melee: Dagger            |    27 |    14 |     3 ||    44
 Cast: Flame Tongue      |    15 |    37 |    43 ||    95
       Sticky Flame      |       |     4 |       ||     4
       Conjure Flame     |       |     1 |     3 ||     4
       Inner Flame       |       |     1 |     1 ||     2
Evoke: Wand              |       |     1 |       ||     1
  Use: Potion            |       |     1 |       ||     1
       Scroll            |       |     3 |       ||     3
 Stab: Sleeping          |     1 |     1 |       ||     2
       Paralysed         |       |     2 |       ||     2
  Eat: Chunk             |       |     1 |     1 ||     2

Vault maps used:
D:1:      eino_arrival_water_cross, hangedman_decor_points,
          kennysheep_decorative_pillar, wad_floor_pattern_untrapped
D:2:      kennysheep_another_room
D:3:      first_bread, grunt_decor_resistance, grunt_gozag_breadcrumbs,
          uniq_robin
D:4:      minmay_opposing_rooms, grunt_temple_overflow_open
D:5:      serial_shops, kennysheep_mini
D:6:      minmay_temple_entry_glassed_door, serial_shops, kennysheep_little_box
